 Dungeon Crawl Stone Soup version 0.21-a0-641-geef9d7f (webtiles) character file.

16 KristoblXynda the Charmwright (level 2, -1/14 HPs)
             Began as a Spriggan Skald on Dec 30, 2017.
             Slain by Robin
             ... wielding a +0 dagger
              (2 damage)
             ... on level 2 of the Dungeon.
             The game lasted 00:01:33 (860 turns).

KristoblXynda the Charmwright (Spriggan Skald)       Turns: 860, Time: 00:01:34

Health: -1/14      AC:  2    Str: 12    XL:     2   Next: 41%
Magic:  5/6        EV: 19    Int: 14    God:
Gold:   76         SH:  0    Dex: 15    Spells: 5/6 levels left

rFire    + . .     SeeInvis +   f - +2 short sword (venom)
rCold    + . .     Gourm    .   (shield restricted)
rNeg     . . .     Faith    .   b - +0 robe
rPois    +         Spirit   .   (helmet restricted)
rElec    +         Reflect  .   (no cloak)
rCorr    +         Harm     .   (gloves unavailable)
MR       .....                  (boots unavailable)
Stlth    +.........             (no amulet)
HPRegen  0.04/turn              (no ring)
MPRegen  0.10/turn              (no ring)

@: mighty, resistant, infused, very quick
A: very small, unfitting armour, see invisible, herbivore, speed 3, slow
metabolism 2
a: no special abilities


You were on level 2 of the Dungeon.
You were not hungry.

You visited 1 branch of the dungeon, and saw 2 of its levels.

You collected 76 gold pieces.

Inventory:

Hand Weapons
 f - a +2 short sword of venom (weapon)
Armour
 b - a +0 robe (worn)
Scrolls
 a - 2 scrolls of identify {unknown}
 e - a scroll of random uselessness {unknown}
 g - a scroll of teleportation {unknown}
Potions
 i - a potion of invisibility {unknown}
Books
 c - a book of Battle

   Spells                             Type                      Level
   a - Infusion                       Charms                       1
   b - Shroud of Golubria             Charms/Translocation         2
   c - Song of Slaying                Charms                       2
   d - Spectral Weapon                Hexes/Charms                 3
   e - Regeneration                   Charms/Necromancy            3
Comestibles
 d - a ration


   Skills:
 - Level 1.5 Fighting
 + Level 2.6 Short Blades
 + Level 4.0 Dodging
 - Level 2.6 Spellcasting
 + Level 4.8 Charms


You had 5 spell levels left.
You knew the following spells:

 Your Spells              Type           Power        Failure   Level  Hunger
a - Infusion              Chrm           ###.         3%          1    #......


Dungeon Overview and Level Annotations

Branches:
Dungeon (2/15)

Altars:
The Shining One

Annotations:
D:2 Robin


Innate Abilities, Weirdness & Mutations

You are very small and have problems with some larger weapons.
You are too small for most types of armour.
You have supernaturally acute eyesight. (SInv)
You are a herbivore.
You cover ground extremely quickly.
You need consume almost no food.


Message History

You kill the goblin!
The hobgoblin hits you with a club. Robin throws the goblin at you!
Casting: Infusion
Confirm with . or Enter, or press ? or * to list all spells.
You begin infusing your attacks with magical energy.
The goblin hits you with a club.
Robin roars a battlecry!
The goblins go into a battle-frenzy!
The hobgoblin hits you with a club.
* * * LOW HITPOINT WARNING * * *
It was a potion of resistance.
You feel protected.
You kill the hobgoblin!
The goblin hits you but does no damage.
It was a potion of might.
You feel very mighty all of a sudden. The goblin hits you with a club.
* * * LOW HITPOINT WARNING * * *
Robin hits you with a dagger.
You die... #gg

#g# ######## #.#
#......# #g#
#.####.# #g#
#.#..#g# #.#
#.#..#@# #.#
#...<#g#
#.########g#
#.g.gg.g...#
#....###########
#.... +....
#.... #..?.


You could see Robin, a hobgoblin and a goblin.

Vanquished Creatures
  A leopard gecko (D:1)
  2 bats (D:1)
  2 goblins (D:2)
  A hobgoblin (D:2)
  2 kobolds
  A frilled lizard (D:1)
  6 rats (D:1)
15 creatures vanquished.

Notes
Turn   | Place    | Note
-------+----------+-------------------------------------------
     0 | D:1      | KristoblXynda the Spriggan Skald began the quest for the Orb.
     0 | D:1      | Reached XP level 1. HP: 10/10 MP: 5/5
   112 | D:1      | Found a glowing golden altar of the Shining One.
   508 | D:1      | Reached XP level 2. HP: 14/14 MP: 6/6
   831 | D:2      | Noticed Robin
   860 | D:2      | Slain by Robin

Vault maps used:
D:1:      lightli_arrival_boilingwater, minmay_misc_feat_encased,
          grunt_decor_mini_mirrors, minivault_24, tso_metal_star
D:2:      nicolae_ru_great_annihilating_truth, uniq_crazy_yiuf_cottage,
          uniq_robin

Skill      XL: |  1  2 |
---------------+-------+-----
Dodging        | 4 |  4.0
Fighting       | |  1.5
Short Blades   | |  2.6
Spellcasting   | |  2.6
Charms         | |  4.8

Action                   || total
-------------------------++-------
Melee: Short sword       ||    42
 Cast: Infusion          ||     3
  Use: Potion            ||     2
 Stab: Sleeping          ||     3
Armor: Robe              ||     1
Dodge: Dodged            ||    34

Table legend:
 A = Spawn XP
 B = Non-spawn XP
 C = Spawn XP percentage of total XP
 D = Spawn monster count
 E = Non-spawn monster count
 F = Spawn count percentage of total count
 G = Total turns spent on level
                    A         B        C        D         E        F      G
               +---------+---------+-------+---------+---------+-------+---------
         Total |       0 |      24 |   0.0 |       0 |      15 |   0.0 |   860
               +---------+---------+-------+---------+---------+-------+---------
           D:1 |       0 |      16 |   0.0 |       0 |      11 |   0.0 |   803
           D:2 |       0 |       8 |   0.0 |       0 |       4 |   0.0 |    57
               +---------+---------+-------+---------+---------+-------+---------
